 Dungeon Crawl Stone Soup version 0.23-a0-32-g1388f29 (webtiles) character file.

21593 KyrpaJooseppi the Carver (level 12, -8/96 HPs)
             Began as a Vampire Wanderer on Aug 4, 2018.
             Was a High Priest of Dithmenos.
             Mangled by an ice devil (10 damage)
             ... summoned by an orc high priest
             ... on level 2 of the Orcish Mines.
             The game lasted 00:52:32 (11800 turns).

KyrpaJooseppi the Carver (Vampire Wanderer)        Turns: 11800, Time: 00:52:32

Health: -8/96      AC: -3    Str: 16    XL:     12   Next: 55%
Magic:  12/15      EV: 16    Int: 16    God:    Dithmenos [*****.]
Gold:   1127       SH:  5    Dex: 12    Spells: 11/11 levels left

rFire    . . .     SeeInvis +   a - +4 scimitar (vamp)
rCold    . . .     Gourm    .   z - +0 buckler (curse)
rNeg     + . .     Faith    .   p - +1 scale mail {MR+}
rPois    .         Spirit   .   j - +1 helmet
rElec    .         Reflect  .   (no cloak)
rCorr    .         Harm     .   x - +0 pair of gloves
MR       ++...                  (no boots)
Stlth    ++........             R - amulet of regeneration
HPRegen  0.66/turn              (no ring)
MPRegen  0.14/turn              E - +5 ring of evasion

@: corroded, wreathed by umbra
A: fangs 3, see invisible, unbreathing
a: Bat Form, Shadow Step, Shadow Form, Renounce Religion


You were on level 2 of the Orcish Mines.
You worshipped Dithmenos.
Dithmenos was extremely pleased with you.
You were not thirsty.

You visited 3 branches of the dungeon, and saw 13 of its levels.
You also visited: Sewer.

You collected 1183 gold pieces.
You spent 56 gold pieces at shops.

Inventory:

Hand Weapons
 a - a +4 vampiric scimitar (weapon)
 b - a +2 scimitar of flaming
 n - a +1 dagger of electrocution
 r - a +1 long sword of electrocution
Armour
 e - a +1 chain mail of cold resistance
 j - a +1 helmet (worn)
 p - a +1 scale mail of magic resistance (worn)
 x - a +0 pair of gloves (worn)
 z - a cursed +0 buckler (worn)
Jewellery
 i - a cursed amulet of inaccuracy
 E - a +5 ring of evasion (right hand)
 J - an uncursed ring of ice
 R - an amulet of regeneration (around neck)
 T - an uncursed ring of teleportation
Wands
 k - a wand of polymorph (10)
 v - a wand of digging (23)
Scrolls
 d - 2 scrolls of teleportation
 f - 2 scrolls of fear
 h - 3 scrolls of identify
 o - a scroll of amnesia
 A - 3 scrolls of enchant armour
Potions
 c - 10 potions of curing
 g - 2 potions of might
 l - 6 potions of flight
 m - 3 potions of lignification
 q - 69 potions of blood
 s - a potion of heal wounds {unknown}
 t - 2 potions of ambrosia
 w - 4 potions of mutation


   Skills:
 - Level 9.5 Fighting
 - Level 10.0(12.3) Short Blades
 + Level 11.0(12.3) Long Blades
   Level 1.7 Axes
 + Level 6.0 Armour
 - Level 4.3 Dodging
 - Level 5.1 Stealth
 - Level 4.2 Shields
   Level 3.0 Hexes
   Level 1.0 Air Magic
 - Level 4.0 Invocations
 - Level 4.2 Evocations


You had 11 spell levels left.
You didn't know any spells.
Your spell library contained the following spells:

 Spells                   Type           Power        Failure   Level  Hunger
 Magic Dart               Conj           #...         63%         1    ##.....
 Ozocubu's Armour         Chrm/Ice       #.......     94%         3    ####...
 Ice Form                 Ice/Tmut       #.......     100%        4    #####..
 Throw Icicle             Conj/Ice       #.......     100%        4    #####..
 Dazzling Spray           Conj/Hex       #.....       78%         3    ####...
 Dragon's Call            Summ           #.........   100%        9    #######


Dungeon Overview and Level Annotations

Branches:
Dungeon (10/15)            Temple (1/1) D:4            Lair (0/6) D:9
    Orc (2/2) D:10
    Elf: Orc:2

Altars:
Ashenzari
Cheibriados
Dithmenos
Elyvilon
Fedhas
Gozag
Hepliaklqana
Kikubaaqudgha
Makhleb
Nemelex Xobeh
Okawaru
Qazlal
Ru
Sif Muna
Trog
Uskayaw
Vehumet
Wu Jian
Xom
Yredelemnul
Zin
The Shining One

Shops:
D:6 *   Orc:2 =[

Annotations:
Orc:1 3 runed doors, Niwyotz's ghost, journeyman MiFi


Innate Abilities, Weirdness & Mutations

You have razor-sharp teeth.
You have supernaturally acute eyesight. (SInv)
You can survive without breathing.


Message History

You hit the rust devil but do no damage.
The ynoxinul closely misses you.
Unknown command.
You hit the orc high priest but do no damage.
The orc high priest is almost dead.
The ice devil misses you.
You riposte.
You closely miss the ice devil. Your bite misses the ice devil.
The ice devil is heavily wounded.
The orc high priest utters an invocation to Beogh.
The orc high priest is healed somewhat.
You miss the orc high priest. Your bite misses the orc high priest.
The orc high priest is severely wounded.
The rust devil hits you! The rust devil corrodes you!
The ynoxinul gestures at you. The iron shot hits you!
* * * LOW HITPOINT WARNING * * *
The ice devil hits you!
* * * LOW HITPOINT WARNING * * *
The ice devil freezes you!
You die...

############### ####
..#.##...#.##.#####....#
...............4.P......
..............5o@5......
..............5384......
............P.555.......
..........).P..5.....P..
............)...∩...P...
...................P....
....................P...
.....#..................
...P#................


You could see an orc high priest, an ice devil, a rust devil, a ynoxinul and 7
ufetubi.

Vanquished Creatures
  Gastronok (D:10)
  Snorg (D:10)
  Harold (D:10)
  2 two-headed ogres
  Erica (D:10)
  Urug (D:10)
  The ghost of conein the Skirmisher, a novice HOFi (D:8)
  3 orc knights
  A wolf spider (D:10)
  2 orc sorcerers
  An elephant (D:9)
  A cyclops (D:10)
  2 trolls
  A hornet (D:10)
  2 hippogriffs
  5 wraiths (D:8)
  A basilisk (D:9)
  6 yaks (D:9)
  A wyvern (D:8)
  5 wargs
  A water moccasin (D:9)
  Menkaure (D:4)
  31 orc warriors
  2 black bears
  A necrophage (D:10)
  3 sky beasts
  5 phantoms
  5 centaurs
  8 ogres
  A crocodile (D:9)
  2 big kobolds
  4 bullfrogs
  A wyvern zombie (D:9)
  A wyvern skeleton (D:9)
  5 scorpions
  A water moccasin skeleton (D:6)
  6 killer bees (D:10)
  5 wights
  4 howler monkeys
  2 crimson imps
  A bullfrog zombie (D:9)
  2 centaur zombies
  3 hounds
  4 jellies
  2 centaur skeletons
  12 orc priests
  31 orc wizards
  A bullfrog skeleton (D:9)
  8 worker ants
  A hound zombie (D:9)
  A hound skeleton (D:7)
  2 worker ant zombies
  Robin (D:3)
  7 gnolls
  10 adders
  A river rat (Sewer)
  4 shadow imps
  An ooze (D:3)
  An adder zombie (D:5)
  2 worms
  5 dart slugs
  8 leopard geckos
  78 orcs
  11 bats
  11 giant cockroaches
  8 hobgoblins
  4 iguanas
  A jackal (Sewer)
  2 quokkas
  3 frilled lizards
  17 goblins
  13 kobolds
  A quokka skeleton (D:4)
  A quokka zombie (D:7)
  10 rats
396 creatures vanquished.

Vanquished Creatures (others)
  An orc wizard (Orc:1)
  8 fungi (Orc:2)
9 creatures vanquished.

Grand Total: 405 creatures vanquished

Notes
Turn   | Place    | Note
-------+----------+-------------------------------------------
     0 | D:1      | KyrpaJooseppi the Vampire Wanderer began the quest for the Orb.
     0 | D:1      | KyrpaJooseppi set off with: a +2 hand axe, a potion of curing, a +0 robe, a potion of blood
     0 | D:1      | Reached XP level 1. HP: 17/17 MP: 1/1
   148 | D:1      | Reached skill level 1 in Short Blades
   148 | D:1      | Reached XP level 2. HP: 23/23 MP: 2/2
   519 | D:1      | Reached XP level 3. HP: 24/28 MP: 3/3
  1348 | D:2      | Found a basalt altar of Yredelemnul.
  1351 | D:2      | Found an opulent altar of Gozag.
  1351 | D:2      | Found a radiant altar of Vehumet.
  1368 | D:2      | Reached XP level 4. HP: 34/35 MP: 4/4
  1386 | D:2      | Found a burning altar of Makhleb.
  1661 | D:3      | Noticed Robin
  1751 | D:3      | Killed Robin
  2117 | D:3      | Reached XP level 5. HP: 33/42 MP: 5/5
  2137 | D:3      | Found a glowing drain.
  2196 | Sewer    | Entered a sewer
  2424 | Sewer    | Found a glowing silver altar of Zin.
  2532 | D:3      | Reached XP level 6. HP: 42/49 MP: 6/6
  2578 | D:3      | Found a shimmering altar of Xom.
  2626 | D:3      | Reached skill level 5 in Short Blades
  2954 | D:4      | Reached skill level 5 in Fighting
  3149 | D:4      | Found a staircase to the Ecumenical Temple.
  3195 | D:4      | Reached XP level 7. HP: 51/56 MP: 7/7
  3213 | Temple   | Entered the Ecumenical Temple
  3413 | D:4      | Found a shadowy altar of Dithmenos.
  3418 | D:4      | Became a worshipper of Dithmenos the Shadowed
  3561 | D:4      | Found an ornate altar of the Wu Jian Council.
  3565 | D:4      | Identified the Disquisition on Creative Snow
  4026 | D:4      | Reached XP level 8. HP: 65/65 MP: 8/8
  4168 | D:5      | Entered Level 5 of the Dungeon
  4190 | D:5      | Noticed Menkaure
  4615 | D:5      | Found a shadowy altar of Dithmenos.
  4715 | D:5      | Reached * piety under Dithmenos
  5097 | D:4      | Killed Menkaure
  5523 | D:6      | Reached XP level 9. HP: 72/72 MP: 12/12
  5592 | D:6      | Found Sifunwud's General Store.
  5598 | D:6      | Bought a scroll of identify for 28 gold pieces
  5841 | D:6      | Found a stormy altar of Qazlal.
  5842 | D:6      | Found a sparkling altar of Nemelex Xobeh.
  5973 | D:7      | Found the +3 robe of Folly {Archmagi, MR-- Int+5}
  6136 | D:7      | Reached ** piety under Dithmenos
  6157 | D:7      | Found a sacrificial altar of Ru.
  6909 | D:8      | Reached skill level 10 in Short Blades
  7075 | D:8      | Found a runed gate.
  7075 | D:8      | Found a runed gate.
  7075 | D:8      | Found a runed gate.
  7090 | D:8      | Reached skill level 1 in Shields
  7097 | D:8      | Noticed conein's ghost (novice HOFi)
  7474 | D:8      | Found a blossoming altar of Fedhas.
  7684 | D:8      | Reached XP level 10. HP: 82/82 MP: 13/13
  7691 | D:8      | Killed conein's ghost
  7770 | D:8      | Reached *** piety under Dithmenos
  7847 | D:9      | Noticed an elephant
  7860 | D:8      | Reached skill level 1 in Invocations
  7903 | D:9      | Found a staircase to the Lair.
  7927 | D:9      | Killed an elephant
  8017 | D:9      | Found a shimmering altar of Xom.
  8251 | D:9      | Noticed a two-headed ogre
  8269 | D:9      | Killed a two-headed ogre
  8269 | D:9      | Reached skill level 3 in Long Blades
  8349 | D:9      | Reached skill level 4 in Long Blades
  8361 | D:9      | Reached XP level 11. HP: 89/89 MP: 14/14
  8826 | D:9      | Reached skill level 5 in Long Blades
  9334 | D:10     | Entered Level 10 of the Dungeon
  9350 | D:10     | Reached **** piety under Dithmenos
  9434 | D:10     | Noticed Snorg
  9506 | D:10     | Reached skill level 6 in Long Blades
  9589 | D:10     | Noticed Urug
  9606 | D:10     | Killed Urug
  9619 | D:10     | Reached skill level 7 in Long Blades
  9824 | D:10     | Killed Snorg
  9824 | D:10     | Reached skill level 8 in Long Blades
  9925 | D:10     | Noticed a two-headed ogre
  9957 | D:10     | Killed a two-headed ogre
  9998 | D:10     | Noticed Nergalle
 10008 | D:10     | Noticed Nergalle
 10008 | D:10     | Nergalle changed into Nergalle the wolf spider
 10020 | D:10     | Killed Nergalle the wolf spider
 10020 | D:10     | Reached skill level 9 in Long Blades
 10169 | D:10     | Found a staircase to the Orcish Mines.
 10417 | Orc:1    | Entered Level 1 of the Orcish Mines
 10417 | Orc:1    | Noticed Harold
 10440 | D:10     | Killed Harold
 10473 | Orc:1    | Noticed Sonja
 10488 | D:10     | Reached skill level 10 in Long Blades
 10525 | Orc:1    | Noticed an orc knight
 10527 | Orc:1    | Noticed Sonja
 10527 | Orc:1    | Sonja changed into Sonja the hornet
 10534 | D:10     | Killed Sonja the hornet
 10590 | D:10     | Killed an orc knight
 10599 | Orc:1    | Noticed Gastronok
 10600 | Orc:1    | Reached ***** piety under Dithmenos
 10692 | D:10     | Reached skill level 5 in Stealth
 10760 | Orc:1    | Noticed Erica
 10774 | D:10     | Killed Gastronok
 10774 | D:10     | Reached XP level 12. HP: 80/96 MP: 15/15
 10811 | D:10     | Killed Erica
 11047 | Orc:1    | Found a runed gate.
 11047 | Orc:1    | Found a runed gate.
 11047 | Orc:1    | Found a runed gate.
 11047 | Orc:1    | Noticed Niwyotz's ghost (journeyman MiFi)
 11267 | Orc:2    | Entered Level 2 of the Orcish Mines
 11379 | Orc:2    | Found Qelidaox's Jewellery Shoppe.
 11462 | Orc:2    | Reached skill level 5 in Armour
 11728 | Orc:2    | Bought a cursed amulet of inaccuracy for 28 gold pieces
 11765 | Orc:2    | Found Nouz Qo Oph's Antique Armour Shoppe.
 11770 | Orc:2    | Reached ****** piety under Dithmenos
 11780 | Orc:2    | Reached skill level 11 in Long Blades
 11781 | Orc:2    | Noticed an orc high priest
 11800 | Orc:2    | HP: 2/96 [ice devil[an orc high priest] (11)]
 11800 | Orc:2    | Mangled by an ice devil

Vault maps used:
D:1:      dpeg_arrival_connections, hangedman_decor_peaks_small,
          minmay_tree_intersection, minmay_unequal
D:2:      grunt_temple_overflow_open
D:3:      portal_sewer_entry_f, dk_xom_monty_hall, uniq_robin
D:4:      lemuel_crystal_altar, minmay_temple_entry_mist,
          grunt_dithmenos_shadows
D:5:      overflow_temple_1_default, first_ration, uniq_menkaure
D:6:      amethyst_overflow_temple_binary, serial_shops, shop
D:7:      nicolae_ru_sacrificial_ziggurat
D:8:      fedhas_altar_fruit_tree, gammafunk_ghost_spectres
D:9:      old_standard_altar, david_lair_generic
D:10:     orc_0_dummy, uniq_snorg, uniq_urug, uniq_nergalle
Temple:   minmay_freezing_vapour_temple
Orc:1:    ebering_ghost_rock_garden, uniq_gastronok, uniq_harold, uniq_sonja,
          uniq_erica
Orc:2:    grunt_orc_gardens, grunt_orc_garden, grunt_orc_garden,
          grunt_orc_garden, grunt_orc_garden
Sewer:    sewer_kobolds

Skill      XL: |  1  2  3  4  5  6  7  8  9 10 11 12 |
---------------+-------------------------------------+-----
Short Blades   | 1 2 3 4 5 7 8 10 | 10.0
Fighting       | 3 4 5 6 7 8 9 |  9.5
Evocations     | 4 |  4.2
Shields        | 3 4 |  4.2
Dodging        | 4 |  4.3
Invocations    | 4 |  4.0
Long Blades    | 4 10 11 | 11.0
Stealth        | 5 |  5.1
Armour         | 3 6 |  6.0
Axes           | |  1.7
Hexes          | |  3.0
Air Magic      | |  1.0

Action                   |  1- 3 |  4- 6 |  7- 9 | 10-12 || total
-------------------------+-------+-------+-------+-------++-------
Melee: Dagger            |   138 |   318 |   857 |   183 ||  1496
       Hand axe          |     5 |       |       |       ||     5
       Bite              |    13 |    21 |    89 |    94 ||   217
       Scimitar          |       |       |       |   630 ||   630
       Long sword        |       |       |       |     8 ||     8
Throw: Javelin           |       |    14 |     4 |       ||    18
       Throwing net      |       |       |     5 |     8 ||    13
Invok: Shadow Step       |       |       |       |     1 ||     1
 Abil: End Transformatio |       |       |     2 |       ||     2
       Bat Form          |       |       |     2 |       ||     2
Evoke: Wand              |       |       |     8 |    28 ||    36
  Use: Potion            |     4 |    11 |    11 |    19 ||    45
       Scroll            |     3 |     1 |    15 |       ||    19
 Stab: Sleeping          |     3 |       |     4 |     3 ||    10
       Held in net/web   |       |       |     2 |     7 ||     9
       Paralysed         |       |       |     3 |    16 ||    19
       Distracted        |       |       |       |     2 ||     2
       Invisible         |       |       |       |     9 ||     9
Armor: Robe              |    24 |       |       |       ||    24
       Ring mail         |     6 |    59 |       |       ||    65
       Scale mail        |       |    15 |   107 |    60 ||   182
       Leather armour    |       |       |    27 |    33 ||    60
Dodge: Dodged            |    75 |   126 |   429 |   533 ||  1163
Block: Buckler           |       |       |     6 |   158 ||   164
       Rpst.: Scimitar   |       |       |       |   138 ||   138

Table legend:
 A = Spawn XP
 B = Non-spawn XP
 C = Spawn XP percentage of total XP
 D = Spawn monster count
 E = Non-spawn monster count
 F = Spawn count percentage of total count
 G = Total turns spent on level
                    A         B        C        D         E        F      G
               +---------+---------+-------+---------+---------+-------+---------
         Total |       0 |   30848 |   0.0 |       0 |     397 |   0.0 | 11800
               +---------+---------+-------+---------+---------+-------+---------
           D:1 |       0 |      58 |   0.0 |       0 |      32 |   0.0 |   878
           D:2 |       0 |      54 |   0.0 |       0 |      19 |   0.0 |   825
           D:3 |       0 |     363 |   0.0 |       0 |      28 |   0.0 |   980
           D:4 |       0 |    1078 |   0.0 |       0 |      44 |   0.0 |  1286
           D:5 |       0 |     581 |   0.0 |       0 |      14 |   0.0 |   890
           D:6 |       0 |    1112 |   0.0 |       0 |      18 |   0.0 |   746
           D:7 |       0 |    1059 |   0.0 |       0 |      24 |   0.0 |   925
           D:8 |       0 |    2831 |   0.0 |       0 |      26 |   0.0 |  1025
           D:9 |       0 |    4786 |   0.0 |       0 |      41 |   0.0 |  1510
          D:10 |       0 |   11768 |   0.0 |       0 |      63 |   0.0 |  1406
         Orc:1 |       0 |    1916 |   0.0 |       0 |      31 |   0.0 |   579
         Orc:2 |       0 |    5124 |   0.0 |       0 |      47 |   0.0 |   457
         Sewer |       0 |     118 |   0.0 |       0 |      10 |   0.0 |   272
               +---------+---------+-------+---------+---------+-------+---------
